 Dungeon Crawl Stone Soup version 0.29-a0-994-gc5c9f59d18 (webtiles) character file.

Game seed: 8352657554048097213

37 vurker the Ducker (level 3, -1/30 HPs)
             Began as a Minotaur Enchanter on Aug 3, 2022.
             Was a Follower of Okawaru.
             Killed from afar by Sigmund (3 damage)
             ... with a puff of flame
             ... on level 2 of the Dungeon.
             The game lasted 00:01:21 (1288 turns).

vurker the Ducker (Minotaur Enchanter)              Turns: 1288, Time: 00:01:21

Health: -1/30      AC:  9    Str: 14    XL:     3   Next: 21%
Magic:  3/4        EV: 12    Int: 12    God:    Okawaru [*.....]
Gold:   101        SH:  0    Dex: 10    Spells: 4/4 levels left

rFire   . . .      SeeInvis .   g - +0 dagger (protect)
rCold   . . .      Faith    .   (no shield)
rNeg    . . .      Spirit   .   b - +0 robe
rPois   .          Reflect  .   (helmet restricted)
rElec   .          Harm     .   (no cloak)
rCorr   .          Rampage  .   (no gloves)
Will    .....                   (no boots)
Stlth   ++........              (no amulet)
HPRegen 0.10/turn               (no ring)
MPRegen 0.09/turn               (no ring)

@: under a protective aura
A: horns 2, retaliatory headbutt
a: Renounce Religion, Heroism


You were on level 2 of the Dungeon.
You worshipped Okawaru.
Okawaru was aware of your devotion.
You visited 1 branch of the dungeon, and saw 2 of its levels.

You collected 101 gold pieces.

Inventory:

Hand Weapons
 g - a +0 dagger of protection (weapon)
   (You took it off a goblin on level 1 of the Dungeon)
Armour
 b - a +0 robe (worn)
Scrolls
 a - a scroll of vulnerability {unknown}
 d - a scroll of brand weapon {unknown}
 f - a scroll of noise {unknown}
 h - a scroll of identify {unknown}
Potions
 c - 2 potions of invisibility
 e - a potion of curing {unknown}
 i - a potion of flight {unknown}
 j - a potion of haste {unknown}


   Skills:
 * Level 2.3 Fighting
 - Level 1.1 Short Blades
 + Level 1.5 Armour
 + Level 2.7 Dodging
 - Level 2.4 Stealth
 - Level 1.3 Spellcasting
 - Level 2.0 Hexes
 + Level 0.2 Invocations


You had 4 spell levels left.
You didn't know any spells.
Your spell library contained the following spells:

 Spells                   Type           Power      Damage    Failure   Level
 Ensorcelled Hibernation  Hex/Ice        6%         N/A       28%         2
 Confusing Touch          Hex            5%         N/A       36%         3
 Passwall                 Tmut/Erth      0%         N/A       41%         2
 Dazzling Flash           Conj/Hex       6%         N/A       50%         3
 Portal Projectile        Hex/Tloc       6%         N/A       50%         3
 Swiftness                Air            0%         N/A       65%         3
 Leda's Liquefaction      Hex/Erth       1%         N/A       88%         4
 Tukima's Dance           Hex            Unusable   N/A       N/A         3
 Call Canine Familiar     Summ           Unusable   N/A       N/A         3

Dungeon Overview and Level Annotations

Branches:
Dungeon (2/15)

Altars:
Okawaru

Annotations:
D:2 Sigmund


Innate Abilities, Weirdness & Mutations

You have a pair of horns on your head.
You reflexively headbutt those who attack you in melee.


Message History

The giant cockroach closely misses you. You furiously retaliate!
You headbutt the giant cockroach!
You kill the giant cockroach!
Okawaru accepts your kill. Something hits you.
You see here a giant cockroach corpse.
You hit something but do no damage. Your headbutt misses something.
You hit something but do no damage. You headbutt something. Something hits you.
You hit something. Your headbutt misses something. You hit something.
Your headbutt misses something. Something hits you but does no damage.
You miss something. Your headbutt misses something. You closely miss something.
Your headbutt misses something.
You hear some strange, mumbled words.
A magic dart appears from out of thin air!
The magic dart hits you.
You hit something. Your headbutt misses something. Something barely misses you.
You hit something but do no damage. You miss something. Something hits you.
You closely miss something. Your headbutt misses something.
You feel like a meek peon again.
You barely miss something.
You hear some strange, mumbled words.
You are confused.
You bump into the rock wall.
Something hits you!
* * * LOW HITPOINT WARNING * * *
You bump into the rock wall.
You bump into the rock wall.
Something completely misses you.
You bump into the rock wall.
Something hits you.
* * * LOW HITPOINT WARNING * * *
You're too confused to move!
You bump into the rock wall.
Something hits you!
* * * LOW HITPOINT WARNING * * *
You're too confused to move!
You feel less confused. Something barely misses you.
You closely miss something. Your headbutt misses something. You hit something.
Your weapon exudes an aura of protection.
Something hits you but does no damage.
You hit something.
You hear some strange, mumbled words.
A puff of flame appears from out of thin air!
The puff of flame hits you.
You die...

......................# #........
.........)............# #........
......................# #........
...#..................# #........
#.##..##.............####........
..#........................).....
.........#...###########.........
.####......#########............
###.......{@.....###........
#.#..########### #........ #.#..#
##....... .@.. ##.....# .....
####### ####.. #.. ...


There were no monsters in sight!

Vanquished Creatures
  An adder (D:2)
  2 ball pythons (D:1)
  3 endoplasms (D:1)
  A giant cockroach (D:2)
  5 goblins (D:1)
  2 hobgoblins (D:1)
  A kobold (D:2)
  6 bats (D:1)
  3 frilled lizards (D:1)
  2 rats (D:1)
26 creatures vanquished.

Notes
Turn   | Place    | Note
-------+----------+-------------------------------------------
     0 | D:1      | vurker the Minotaur Enchanter began the quest for the Orb.
     0 | D:1      | Reached XP level 1. HP: 14/14 MP: 1/1
    70 | D:1      | Reached skill level 1 in Fighting
   323 | D:1      | Reached XP level 2. HP: 19/23 MP: 3/3
   477 | D:1      | Reached skill level 1 in Armour
   929 | D:1      | Found a faded altar of an unknown god.
  1094 | D:1      | Prayed at the altar of an unknown god.
  1094 | D:1      | Became a worshipper of Warmaster Okawaru
  1094 | D:1      | Reached * piety under Okawaru
  1136 | D:2      | Reached XP level 3. HP: 24/30 MP: 4/4
  1256 | D:2      | Noticed Sigmund
  1288 | D:2      | Killed from afar by Sigmund

Illustrated notes

Levels and vault maps discovered:
D:1:      kennysheep_arrival_seaside, layout_loops_ring, basic_ecumenical_altar
D:2:      layout_rooms, minmay_tromino_i2, uniq_sigmund

Skill      XL: |  1  2 |
---------------+-------+-----
Fighting       | 1 2 |  2.3
Armour         | 1 |  1.5
Short Blades   | |  1.1
Dodging        | |  2.7
Stealth        | |  2.4
Spellcasting   | |  1.3
Hexes          | |  2.0
Invocations    | |  0.2

Action                   || total
-------------------------++-------
Melee: Dagger            ||    95
       Headbutt          ||    10
       Punch             ||     1
Invok: Heroism           ||     1
 Stab: Sleeping          ||     2
Armor: Robe              ||    38
Dodge: Dodged            ||    61

Table legend: (Time is in decaauts)
 A = Elapsed time spent in this place.
 B = Non-inter-level travel time spent in this place.
 C = Inter-level travel time spent in this place.
 D = Time resting spent in this place.
 E = Time spent auto-exploring this place.
 F = Levels seen in this place.
 G = Mean time per level.
                   A        B        C        D        E       F      G
               +--------+--------+--------+--------+--------+-----+--------+
         Total |   1281 |   1195 |     86 |      0 |    992 |   2 |  640.5 |
       Dungeon |   1281 |   1195 |     86 |      0 |    992 |   2 |  640.5 |
               +--------+--------+--------+--------+--------+-----+--------+

Top non-repeatable levels by time:
     D:1: 1107 daAuts
     D:2: 174 daAuts
